 Dungeon Crawl Stone Soup version 0.31.0-10-gcf4a605ca0 (webtiles) character file.

Game seed: 14027667836397803872

1486 Gadfly the Insei (level 8, -2/60 HPs)
             Began as a Merfolk Shapeshifter on Jan 26, 2024.
             Was an Initiate of Elyvilon.
             Slain by a yak (8 damage)
             ... on level 6 of the Dungeon.
             The game lasted 00:09:40 (6632 turns).

Gadfly the Insei (Merfolk Shapeshifter)             Turns: 6632, Time: 00:09:41

Health: -2/60      AC:  8    Str: 14    XL:     8   Next: 80%
Magic:  11/11      EV: 16    Int: 10    God:    Elyvilon [......]
Gold:   310        SH:  0    Dex: 21    Spells: 7/7 levels left

rFire   . .          .
                       - Unarmed
rCold   . . .        (no shield)
rNeg    . . .        a - +0 animal skin
rPois   .            (helmet currently unavailable)
rElec   .            t - melded +0 cloak
rCorr   .            (gloves currently unavailable)
SInv    .            (boots currently unavailable)
Will    .....        (no amulet)
Stlth   ++           f - +4 ring of protection
HPRegen 0.00/turn    j - +6 ring of dexterity
MPRegen 0.12/turn

%: no passive effects
@: beast-form, attractive, inhibited regen
A: beast (slay +3), (nimble swimmer 2), mertail, antennae 1, iridescent scales
1, mutation resistance 1, inhibited regeneration
a: Begin Untransformation, Renounce Religion


You were on level 6 of the Dungeon.
You worshipped Elyvilon.
Elyvilon was noncommittal.
You were a hulking beast.
You visited 1 branch of the dungeon, and saw 6 of its levels.

You collected 310 gold pieces.

Inventory:

Hand Weapons
 b - a +1 spear of venom
Armour
 a - a +0 animal skin (worn)
 i - +0 swamp dragon scales
 t - a +0 cloak (melded)
Jewellery
 e - a ring of see invisible
 f - a +4 ring of protection (left hand)
 j - a +6 ring of dexterity (right hand)
 p - a ring of protection from fire
Talismans
 c - a beast talisman (active)
 d - a flux talisman
 m - a serpent talisman
Wands
 o - a wand of iceblast (11)
Scrolls
 g - 2 scrolls of fear
 h - 3 scrolls of teleportation
 r - a scroll of revelation
Potions
 l - a potion of enlightenment
 s - a potion of curing


   Skills:
 + Level 4.2 Fighting
 + Level 5.7 Dodging
 * Level 6.8 Unarmed Combat
 + Level 5.0 Invocations
 * Level 3.5 Evocations
 + Level 6.1 Shapeshifting


You had 7 spell levels left.
You didn't know any spells.
Your spell library contained the following spells:

 Spells                   Type           Power      Damage    Failure   Level
 Magic Dart               Conj           0%         1d3       36%         1
 Sandblast                Erth           0%         2d4       36%         1
 Shock                    Conj/Air       0%         1d3       36%         1
 Call Imp                 Summ           0%         N/A       50%         2
 Searing Ray              Conj           0%         2d4       50%         2
 Sublimation of Blood     Necr           0%         N/A       50%         2
 Passwall                 Erth           0%         N/A       75%         3
 Stone Arrow              Conj/Erth      0%         3d7       75%         3
 Swiftness                Air            0%         N/A       75%         3
 Airstrike                Air            0%         2d(0-16)  98%         4
 Brom's Barrelling Bould  Conj/Erth      0%         2d3       98%         4
 Fulminant Prism          Conj/Alch      0%         3d5       98%         4
 Summon Hydra             Summ           0%         N/A       100%        7


Dungeon Overview and Level Annotations

Branches:
Dungeon (6/15)
 Temple: D:4-7

Altars:
Ashenzari
Elyvilon
Kikubaaqudgha
Qazlal

Shops:
D:3 =


Innate Abilities, Weirdness & Mutations

You are a hulking beast.
Your limbs bulge with bestial killing power. (Slay +3)
((You are very nimble when in or above water. (Stealth+, EV+, Speed+++)))
Your lower body shifts to a powerful aquatic tail in water.
You have a pair of small antennae on your head.
You are partially covered in iridescent scales. (AC +2)
You are somewhat resistant to further mutation.
You do not regenerate when monsters are visible.


Message History

You closely miss the yak.
The yak is severely wounded.
The yak gores you but does no damage.
You closely miss the yak.
The yak is severely wounded.
The yak completely misses you.
You hit the yak but do no damage.
The yak is severely wounded.
The yak gores you.
* * * LOW HITPOINT WARNING * * *
You hit the yak.
The yak is almost dead.
The yak gores you.
* * * LOW HITPOINT WARNING * * *
You are confused.
You feel invigorated. The yak gores you.
* * * LOW HITPOINT WARNING * * *
You closely miss the yak.
The yak is almost dead.
You bump into the rock wall.
The yak barely misses you.
You hit the yak. Your punch misses the yak.
The yak is almost dead.
The yak gores you.
* * * LOW HITPOINT WARNING * * *
You bump into the rock wall.
You feel less invigorated.
You feel less confused. The yak gores you!
* * * LOW HITPOINT WARNING * * *
The orc priest looks braver for a moment.
You barely miss the yak.
The yak is almost dead.
The yak closely misses you.
The orc priest invokes the aid of Beogh against you.
Beogh smites you!
* * * LOW HITPOINT WARNING * * *
You hit the yak. You punch the yak.
You kill the yak!
Your Invocations skill increases to level 5!
You hit the yak but do no damage. The yak gores you!
You die...

... .. ... .. ###.### .# #.#
#.# #○...§# .# ##.# #.#
##.....####.#.##.####.#
#...._....#............#
[.#.....#...#
##.##...#########
#....§#...####....#.#.#.......
#.
###.####.oYYYh..(.......>.####
#. ... ##Y####....#.#.#...#
....### #.# #..##...###### ...
####[####..###.## #.##
#..........# #.# ...
#..###.##..# #.# #$#.###.##
##.#..# #.# #.....†## ##...#
#.# ./h..<...# #.......#


You could see 4 yaks and an orc priest.

Vanquished Creatures
  A yak (D:6)
  A wraith (D:5)
  2 black bears
  An ice beast (D:6)
  A sky beast (D:6)
  An ogre (D:4)
  A bullfrog (D:5)
  2 scorpions (D:5)
  A howler monkey (D:6)
  A jelly (D:5)
  A bombardier beetle (D:4)
  A gnoll bouda (D:4)
  Terence (D:3)
  2 orc wizards (D:5)
  4 adders
  11 gnolls
  A shadow imp (D:5)
  2 ufetubi (D:5)
  A ribbon worm (D:2)
  4 dart slugs
  8 orcs (D:5)
  2 endoplasms (D:1)
  2 giant cockroaches
  4 goblins
  4 hobgoblins
  10 jackals
  4 kobolds
  2 quokkas
  3 ball pythons (D:1)
  3 bats
  5 frilled lizards
  4 rats
91 creatures vanquished.

Vanquished Creatures (collateral kills)
  A scorpion (D:5)
  A bombardier beetle (D:5)
  A hound (D:5)
3 creatures vanquished.

Grand Total: 94 creatures vanquished

Notes
Turn   | Place    | Note
-------+----------+-------------------------------------------
     0 | D:1      | Gadfly the Merfolk Shapeshifter began the quest for the
                  | Orb.
     0 | D:1      | Reached XP level 1. HP: 15/15 MP: 1/1
   129 | D:1      | Reached XP level 2. HP: 21/21 MP: 2/2
   159 | D:1      | Reached skill level 1 in Invocations
   611 | D:1      | Reached XP level 3. HP: 26/26 MP: 3/3
  1507 | D:2      | Reached XP level 4. HP: 33/33 MP: 5/5
  1881 | D:3      | Found Okoecae's Jewellery Boutique.
  1900 | D:3      | You fall into a shaft and drop 3 floors!
  1983 | D:6      | Noticed a phantom
  1985 | D:6      | Noticed a bullfrog
  1988 | D:6      | Noticed a steam dragon
  1990 | D:5      | Entered Level 5 of the Dungeon
  1990 | D:5      | Noticed a scorpion
  2004 | D:5      | Reached XP level 5. HP: 25/38 MP: 6/6
  2009 | D:5      | Reached XP level 6. HP: 28/46 MP: 6/8
  2398 | D:5      | Noticed a wraith
  2416 | D:5      | HP: 3/69 [wraith (5)]
  2422 | D:5      | HP: 3/69 [wraith (9)]
  2425 | D:5      | Killed a wraith
  2426 | D:5      | Reached skill level 5 in Unarmed Combat
  2426 | D:5      | Reached skill level 5 in Shapeshifting
  2688 | D:5      | Found an ancient bone altar of Kikubaaqudgha.
  2961 | D:3      | Found a faded altar of an unknown god.
  2978 | D:3      | Noticed Terence
  2985 | D:3      | Killed Terence
  2986 | D:3      | Reached XP level 7. HP: 32/52 MP: 9/9
  3102 | D:3      | Found a broken altar of Ashenzari.
  3325 | D:3      | Found a white marble altar of Elyvilon.
  3463 | D:3      | Gained mutation: Your body sometimes deteriorates upon
                  | taking damage. [potion of mutation]
  3463 | D:3      | Gained mutation: You have a pair of small horns on your
                  | head. [potion of mutation]
  3565 | D:3      | Lost mutation: Your body sometimes deteriorates upon taking
                  | damage. [potion of mutation]
  3565 | D:3      | Lost mutation: You have a pair of small horns on your head.
                  | [potion of mutation]
  3565 | D:3      | Gained mutation: You sometimes lose your temper in combat.
                  | [potion of mutation]
  4523 | D:4      | Lost mutation: You sometimes lose your temper in combat.
                  | [potion of mutation]
  4523 | D:4      | Gained mutation: You do not regenerate when monsters are
                  | visible. [potion of mutation]
  4523 | D:4      | Gained mutation: You have a pair of small antennae on your
                  | head. [potion of mutation]
  4523 | D:4      | Gained mutation: You are partially covered in iridescent
                  | scales. (AC +2) [potion of mutation]
  4523 | D:4      | Gained mutation: You are somewhat resistant to further
                  | mutation. [potion of mutation]
  4915 | D:5      | Reached skill level 1 in Evocations
  5089 | D:3      | Became a worshipper of Elyvilon the Healer
  5535 | D:4      | HP: 2/52 [ogre/+0 giant spiked club (21)]
  5540 | D:4      | Reached skill level 5 in Dodging
  5540 | D:4      | Reached XP level 8. HP: 3/59 MP: 11/11
  6574 | D:6      | Noticed a yak
  6575 | D:6      | Found a stormy altar of Qazlal.
  6583 | D:6      | Noticed a yak
  6587 | D:6      | Noticed a yak
  6588 | D:6      | Noticed a yak
  6592 | D:6      | Noticed a yak
  6631 | D:6      | Killed a yak
  6632 | D:6      | Reached skill level 5 in Invocations
  6632 | D:6      | Slain by a yak

Illustrated notes

Levels and vault maps discovered:
D:1:      dpeg_arrival_radiant, layout_basic
D:2:      layout_basic, serial_corexii_hall, chequers_hall_statues_y,
          corexii_hall_statues_s, st_stairs_6, minmay_pentomino_o2
D:3:      layout_rooms, mainiacjoe_overflow_six_doors_small,
          general_overflow_altar, serial_shops, nicolae_shop_trees,
          basic_ecumenical_altar, hangedman_glass_teeth, minmay_misc_feat_doors,
          uniq_terence
D:4:      layout_basic, hex_intersection
D:5:      layout_basic, mainiacjoe_overflow_concentric_impassable
D:6:      layout_loops_ring, grunt_qazlal_clouds, minmay_temple_entry_tees,
          chequers_serial_rivers_micro_c

Skill      XL: |  1  2  3  4  5  6  7  8 |
---------------+-------------------------+-----
Invocations    | 1 2 3 4 5 |  5.0
Dodging        | 3 4 5 |  5.7
Unarmed Combat | 4 5 6 |  6.8
Fighting       | 2 3 4 |  4.2
Shapeshifting  | 5 6 |  6.1
Evocations     | 2 3 |  3.5

Action                     |  1- 3 |  4- 6 |  7- 9 || total
---------------------------+-------+-------+-------++-------
  Melee: Unarmed           |   117 |    78 |   162 ||   357
         Punch             |     3 |     2 |     4 ||     9
         Constrict         |       |     2 |       ||     2
         Spear             |       |       |    44 ||    44
Ability: Begin Untransform |     1 |     3 |     2 ||     6
    Use: Scroll            |     6 |     2 |     5 ||    13
         Potion            |       |     2 |     6 ||     8
   Stab: Sleeping          |     1 |       |       ||     1
 Armour: Animal skin       |    53 |    42 |   113 ||   208
         Swamp dragon scal |     2 |       |       ||     2
         Skin              |       |    18 |     1 ||    19
  Dodge: Dodged            |    78 |    48 |   138 ||   264
   Form: Beast             |     1 |     1 |     2 ||     4
         Serpent           |       |     2 |       ||     2
         Flux              |       |       |     1 ||     1
